Cogmind - Beta 9.4 @@@ ROGUE MODE // 2020.01.31 @ 11:03:51 Player: alice_fexa Result: Destroyed by Enhanced Grunt with Neutron Cannon Performance ------------- Evolutions (4) 2000 Regions Visited (12) 2400 Robots Destroyed (72) 360 Value Destroyed (2508) 2508 Prototype IDs (218) 4360 Alien Tech Used (0) 0 Bonus (3432) 3432 TOTAL SCORE: 15060 Bonus ------- High Alert Combat Kills 76 Follower Combat Kills 73 Met Data Miner 300 Used Data Conduit 3000 Friendly Fire -17 Cogmind --------- Core Integrity 0/850 Matter 300/300 Energy 100/100 System Corruption 3% Temperature Cool (6) Movement Core (300) Ox5 Location -6/Data Miner Parts ------- > --- POWER (1) -------- (None) > --- PROPULSION (4) --- (None) > --- UTILITY (7) ------ Large Storage Unit Improved Melee Analysis Suite System Mapper System Shield > --- WEAPON (3) ------- (None) > --- INVENTORY (10) --- Light Angular Momentum Engine Improved Gravmag System Fusion Compressor Advanced Sensor Array Improved Melee Analysis Suite Improved Force Booster Improved Force Booster Phase Shifter Improved EM Pulse Cannon Long-range Missile Launcher Peak State ------------ > --- POWER ------------ Micro Fission Core > --- PROPULSION ------- Carbon-fiber Leg Improved Titanium Leg Flexi-carbon Leg Flexi-carbon Leg > --- UTILITY ---------- Large Storage Unit Large Storage Unit Advanced Sensor Array Advanced Signal Interpreter Improved Melee Analysis Suite Microactuators System Shield > --- WEAPON ----------- Long-range Missile Launcher Great Axe Spear > --- INVENTORY -------- Neutrino Core Improved Gravmag System Fusion Compressor Improved Cooling System Advanced Sensor Array Improved Melee Analysis Suite Armor Integrity Analyzer Microactuators Improved Force Booster Improved Force Booster Phase Shifter Hacking Suite Improved EM Pulse Cannon Power Maul Makeshift Sword Great Axe [Rating: 62] Favorites ----------- Power Reinforced Deuterium Engine Engine Reinforced Deuterium Engine Power Core Micro Nuclear Core Propulsion Carbon-fiber Leg Treads Medium Treads Leg Carbon-fiber Leg Wheel Compact Wheel Utility Large Storage Unit Device Advanced Sensor Array Storage Large Storage Unit Processor Improved Signal Interpreter Hackware System Shield Protection Medium Armor Plating Weapon Great Axe Energy Gun Advanced Beam Rifle Energy Cannon Plasma Cannon Ballistic Gun Heavy Assault Rifle Ballistic Cannon Advanced Assault Cannon Launcher Rocket Launcher Impact Weapon Great Maul Slashing Weapon Great Axe Piercing Weapon Heavy Pick Build | -11 -10 -10 -10 -9 -8 -7 -7 -7 -6 -6 -6 -6 ------- Run | Scr Mat Min Exi Min Mat Fac Was Fac Fac Low Low Dat Slots Evolved 8 | . . . . . 4 2 . . 2 . . . Power . | . . . . . . . . . . . . . Propulsion 2 | . . . . . 1 . . . 1 . . . Utility 5 | . . . . . 3 1 . . 1 . . . Weapon 1 | . . . . . . 1 . . . . . . Parts Attached 92 | 6 3 . . 2 12 35 . 4 18 2 6 4 Power 8 | 1 . . . . 1 3 . . 2 . 1 . Engine 6 | 1 . . . . 1 2 . . 2 . . . Core 2 | . . . . . . 1 . . . . 1 . Reactor . | . . . . . . . . . . . . . Propulsion 24 | 2 . . . . 4 6 . 3 6 1 2 . Treads 9 | 1 . . . . 3 5 . . . . . . Leg 12 | . . . . . . . . 3 6 1 2 . Wheel 3 | 1 . . . . 1 1 . . . . . . Hover . | . . . . . . . . . . . . . Flight . | . . . . . . . . . . . . . Utility 24 | 1 3 . . 1 4 9 . 1 3 . . 2 Device 9 | . . . . . 1 6 . . 2 . . . Storage 4 | 1 2 . . 1 . . . . . . . . Processor 3 | . . . . . 1 . . 1 1 . . . Hackware 4 | . . . . . . 2 . . . . . 2 Protection 4 | . 1 . . . 2 1 . . . . . . Artifact . | . . . . . . . . . . . . . Weapon 36 | 2 . . . 1 3 17 . . 7 1 3 2 Energy Gun 4 | . . . . . 1 3 . . . . . . Energy Cannon 4 | . . . . . 1 2 . . 1 . . . Ballistic Gun 6 | 2 . . . 1 . 3 . . . . . . Ballistic Cannon 1 | . . . . . . 1 . . . . . . Launcher 6 | . . . . . 1 2 . . 2 . 1 . Special Weapon . | . . . . . . . . . . . . . Impact Weapon 4 | . . . . . . 1 . . 2 . . 1 Slashing Weapon 9 | . . . . . . 5 . . 1 1 1 1 Piercing Weapon 2 | . . . . . . . . . 1 . 1 . Special Melee Weapon . | . . . . . . . . . . . . . Unidentified Prototypes 3 | . . . . . . 1 . . . . . 2 Parts Lost 24 | . . . . . . 7 . . . 1 1 15 Power 2 | . . . . . . 1 . . . . . 1 Propulsion 7 | . . . . . . 2 . . . 1 . 4 Utility 8 | . . . . . . 3 . . . . . 5 Weapon 7 | . . . . . . 1 . . . . 1 5 Highest Loss Streak 15 | . . . . . . 3 . . . 1 1 15 Average Slot Usage (%) 97 | . 97 100 100 100 99 93 92 97 99 99 100 91 Engine 6 | . 14 14 14 14 8 5 7 7 6 6 2 . Treads 5 | . 14 14 14 14 9 7 15 5 . . . . Leg 11 | . . . . . . . . 14 25 25 26 22 Wheel 4 | . 14 14 14 14 18 8 . . . . . . Device 11 | . . . . . 9 14 15 12 13 13 13 11 Storage 15 | . 24 14 14 26 18 15 15 15 13 13 13 12 Processor 8 | . . . . . 1 7 7 9 13 13 13 12 Hackware 4 | . . . . . . 2 7 7 6 6 6 6 Protection 2 | . 1 14 14 1 16 4 . . . . . . Energy Gun 1 | . . . . . 2 4 . . . . . . Ballistic Gun 5 | . 28 28 28 28 11 6 . . . . . . Impact Weapon 2 | . . . . . . . 7 7 5 . . 1 Slashing Weapon 9 | . . . . . . 6 15 15 12 13 12 12 Piercing Weapon 1 | . . . . . . . . . . 6 6 4 Naked Turns . | . . . . . . . . . . . . . Heaviest Build 65 | 11 30 30 30 40 64 63 62 62 65 61 59 48 Greatest Support 78 | 16 16 16 16 16 26 56 56 56 78 78 75 75 Greatest Overweight (x) 12 | . 1 1 1 2 2 3 1 4 1 . . 12 Average Overweight (x) . | . . 1 1 1 2 1 1 1 . . . . Largest Inventory Capacity 16 | 6 10 10 10 16 16 16 16 16 16 16 16 16 Average Capacity 15 | 4 7 10 10 15 16 16 16 16 16 16 16 15 Most Carried 16 | 5 10 10 10 16 16 16 15 16 16 16 16 16 Average Carried 15 | 2 5 10 10 15 15 15 15 15 15 16 15 15 Final Capacity 16 | 6 10 10 10 16 16 16 16 16 16 16 16 10 Final Carried 16 | 4 10 10 10 16 16 15 15 16 16 16 16 10 Class Distribution -------------------- 89% | Mutant 8% | Scavenger-Mutant Dominant Class ---------------- Mutant | -10/Materials Mutant | -10/Mines Mutant | -10/Exiles Mutant | -9/Mines Mutant | -8/Materials Mutant | -7/Factory Mutant | -7/Waste Mutant | -7/Factory Mutant | -6/Factory Mutant | -6/Lower Caves Mutant | -6/Lower Caves Mutant | -6/Data Miner Resources | -11 -10 -10 -10 -9 -8 -7 -7 -7 -6 -6 -6 -6 ----------- Run | Scr Mat Min Exi Min Mat Fac Was Fac Fac Low Low Dat Matter Collected 1570 | 260 . 54 . 20 151 577 . 117 230 32 107 22 Remotely . | . . . . . . . . . . . . . Salvage Created 2599 | . . 34 . . 162 945 . 241 531 240 424 22 Parts 143 | . . 3 . . 14 42 . 9 45 10 17 3 Haulers Intercepted 4 | . . . . . 2 1 . 1 . . . . Recyclers Shooed 1 | . . . . . . . . . 1 . . . Parts Field Recycled . | . . . . . . . . . . . . . Retrieved Matter . | . . . . . . . . . . . . . Parts Self-Destructed 23 | . . . . . . . . . . 10 13 . Prevented . | . . . . . . . . . . . . . Kills | -11 -10 -10 -10 -9 -8 -7 -7 -7 -6 -6 -6 -6 ------- Run | Scr Mat Min Exi Min Mat Fac Was Fac Fac Low Low Dat Combat Hostiles Destroyed 56 | . . 1 . . 4 22 . 4 12 4 9 . Melee 23 | . . . . . . 6 . 3 4 4 6 . Guns 8 | . . 1 . . . 7 . . . . . . Cannons 4 | . . . . . . 4 . . . . . . AOE 20 | . . . . . 4 5 . . 8 . 3 . Classes Destroyed 13 | . . 1 . . 4 5 . . 2 . 1 . Worker 5 | . . . . . . 2 . . 3 . . . Builder 2 | . . . . . . . . . 2 . . . Hauler 4 | . . . . . 2 1 . 1 . . . . Recycler 1 | . . . . . . . . . 1 . . . Operator 2 | . . . . . 1 . . . 1 . . . Watcher 1 | . . . . . 1 . . . . . . . Swarmer 20 | . . . . . 4 4 . 1 8 . 3 . Grunt 18 | . . 1 . . . 10 . 1 . 2 4 . Brawler 2 | . . . . . . 1 . . . 1 . . Duelist 2 | . . . . . . 1 . 1 . . . . Sentry 6 | . . . . . . 3 . 1 1 . 1 . Hunter 1 | . . . . . . . . . . . 1 . Programmer 7 | . . . . . . 3 . . 3 1 . . Best Kill Streak 4 | . . 1 . . 4 4 . 3 4 3 3 1 Combat Bots Only 4 | . . 1 . . 4 4 . 3 4 3 3 . Max Kills in Single Turn 4 | . . 1 . . 3 2 . 1 4 1 1 1 Gunslinging . | . . . . . . . . . . . . . Exploded 4 | . . . . . 3 1 . . 4 . 1 . Melee 1 | . . . . . . 1 . 1 1 1 1 . Uniques/NPCs Destroyed 1 | . . . . . . . . . . . . 1 Data Miner (-6/Data Miner) Combat | -11 -10 -10 -10 -9 -8 -7 -7 -7 -6 -6 -6 -6 -------- Run | Scr Mat Min Exi Min Mat Fac Was Fac Fac Low Low Dat Damage Taken 4914 | . . 53 . . 17 1718 . 412 350 404 383 1577 Core 1245 | . . . . . 9 270 . 116 71 20 114 645 Absorbed by Shields . | . . . . . . . . . . . . . Core Remaining (%) 85 | 100 . . . 100 98 . . 44 . . . . Volleys Fired 66 | . . 4 . . 14 34 . . 10 . 4 . Largest 3 | . . 2 . . 2 3 . . 1 . 1 . Hottest 141 | . . 40 . . 103 141 . . 69 . 43 . Shots Fired 127 | . . 8 . . 24 82 . . 10 . 3 . Gun 84 | . . 8 . . 19 57 . . . . . . Cannon 27 | . . . . . 3 18 . . 6 . . . Launcher 16 | . . . . . 2 7 . . 4 . 3 . Special . | . . . . . . . . . . . . . Kinetic 61 | . . 8 . . 16 37 . . . . . . Thermal 44 | . . . . . 6 38 . . . . . . Explosive 16 | . . . . . 2 7 . . 4 . 3 . Electromagnetic 6 | . . . . . . . . . 6 . . . Robot Hit Streak 16 | . . 3 . . 6 16 . . 6 . 1 . Robot Miss Streak 3 | . . 2 . . 2 3 . . 1 . 2 . Penetration Max . | . . . . . . . . . . . . . Secondary Targets 1 | . . . . . . 1 . . . . . . Max Gunslinging Chain 1 | . . . . . . 1 . . . . . . Shots Hit Robots 185 | . . 5 . . 14 87 . 20 23 13 15 8 Core Hits 116 | . . 3 . . 11 47 . 6 25 8 14 2 Critical Hits 6 | . . . . . 2 1 . . 2 . 1 . Critical Kills 3 | . . . . . 2 . . . . . 1 . Critical Parts Destroyed 3 | . . . . . . 1 . . 2 . . . Melee Attacks 245 | . . . . . . 64 9 41 65 29 28 9 Impact 12 | . . . . . . 1 . 5 5 . . 1 Slashing 200 | . . . . . . 63 9 36 59 15 11 7 Piercing 33 | . . . . . . . . . 1 14 17 1 Sneak Attacks 16 | . . . . . . 4 . 5 3 . 3 1 Combat Hostiles 2 | . . . . . . . . . . . 2 . Follow-up Attacks 14 | . . . . . . . . 5 2 2 1 4 Damage Inflicted 8044 | . . 70 . . 435 3064 . 1049 1673 443 953 357 Guns 1046 | . . 70 . . 204 772 . . . . . . Cannons 630 | . . . . . . 471 . . 159 . . . Explosions 1630 | . . . . . 231 587 . . 505 . 307 . Melee 4738 | . . . . . . 1234 . 1049 1009 443 646 357 Ramming . | . . . . . . . . . . . . . Kinetic 695 | . . 70 . . 152 473 . . . . . . Thermal 822 | . . . . . 52 770 . . . . . . Explosive 1630 | . . . . . 231 587 . . 505 . 307 . Electromagnetic 159 | . . . . . . . . . 159 . . . Impact 55 | . . . . . . . . 31 . . . 24 Slashing 3660 | . . . . . . 1234 . 1018 965 40 149 254 Piercing 1023 | . . . . . . . . . 44 403 497 79 Highest Corruption 23 | . . . . . . 1 21 23 . 3 3 3 Average Corruption 7 | . . . . . . 1 14 21 . 2 3 3 Corruption Purged . | . . . . . . . . . . . . . Effects 85 | . . . . . . 3 11 50 . 7 12 2 Message Errors 17 | . . . . . . 3 3 7 . 2 . 2 Matter Fused 20 | . . . . . . . 1 10 . 4 5 . Heat Flow Errors 5 | . . . . . . . 1 4 . . . . Energy Discharges 8 | . . . . . . . 1 5 . . 2 . Data Loss (minor) 7 | . . . . . . . 2 3 . . 2 . Misdirections 12 | . . . . . . . 2 10 . . . . Targeting Errors 15 | . . . . . . . 1 11 . 1 2 . Weapon Failures 1 | . . . . . . . . . . . 1 . Overload Shots . | . . . . . . . . . . . . . Overflow Damage 817 | . . . . . . 263 . 162 252 35 105 . Projectiles 8 | . . . . . . 8 . . . . . . Explosions 43 | . . . . . . 9 . . . . 34 . Melee 766 | . . . . . . 246 . 162 252 35 71 . Knockbacks 2 | . . . . . . 2 . . . . . . Impact . | . . . . . . . . . . . . . Kinetic 2 | . . . . . . 2 . . . . . . Secondary . | . . . . . . . . . . . . . Self-Inflicted Damage 20 | . . . . . . . . . . . 20 . Shots 1 | . . . . . . . . . . . 1 . Rammed . | . . . . . . . . . . . . . Targets Rammed . | . . . . . . . . . . . . . Kicked . | . . . . . . . . . . . . . Crushed . | . . . . . . . . . . . . . Highest Temperature 227 | . . 6 . . 44 81 202 227 70 . . . Average Temperature 46 | . . 3 . . 19 27 101 104 34 . . . Received Heat Transfer 852 | . . 30 . . . 396 . 54 24 99 45 204 Siege Activations . | . . . . . . . . . . . . . Robots Corrupted . | . . . . . . . . . . . . . Combat Hostiles . | . . . . . . . . . . . . . Parts Fried 3 | . . . . . . . . 3 . . . . Impact Corruptions 1 | . . . . . . . . 1 . . . . Robots Melted . | . . . . . . . . . . . . . Combat Hostiles . | . . . . . . . . . . . . . Parts Melted 1 | . . . . . . 1 . . . . . . Heat Transferred 1619 | . . . . . 111 1508 . . . . . . Parts Sabotaged . | . . . . . . . . . . . . . Parts Stolen . | . . . . . . . . . . . . . Parts Stripped . | . . . . . . . . . . . . . Power Chain Reactions . | . . . . . . . . . . . . . Missiles Intercepted . | . . . . . . . . . . . . . Alert | -11 -10 -10 -10 -9 -8 -7 -7 -7 -6 -6 -6 -6 ------- Run | Scr Mat Min Exi Min Mat Fac Was Fac Fac Low Low Dat Peak Influence 627 | . 19 27 . 36 134 627 198 190 295 . . . Average Influence 113 | . 10 17 . 21 48 193 186 104 57 . . . Maximum Alert Level 2 | . . . . . . 2 . . 1 . . . Low Security (%) 87 | 100 100 100 . 100 100 70 100 100 94 . . . Level 1 1 | . . . . . . . . . 5 . . . Level 2 10 | . . . . . . 28 . . . . . . Level 3 . | . . . . . . . . . . . . . Level 4 . | . . . . . . . . . . . . . Level 5 . | . . . . . . . . . . . . . High Security . | . . . . . . . . . . . . . Max Security . | . . . . . . . . . . . . . Squads Dispatched 15 | . . . . . . 8 . 1 6 . . . Investigation 4 | . . . . . . 1 . . 3 . . . Extermination 6 | . . . . . . 3 . . 3 . . . Reinforcement 1 | . . . . . . 1 . . . . . . Assault . | . . . . . . . . . . . . . Garrison 4 | . . . . . . 3 . 1 . . . . Intercept . | . . . . . . . . . . . . . Construction Impeded . | . . . . . . . . . . . . . Haulers Reinforced . | . . . . . . . . . . . . . Stealth | -11 -10 -10 -10 -9 -8 -7 -7 -7 -6 -6 -6 -6 --------- Run | Scr Mat Min Exi Min Mat Fac Was Fac Fac Low Low Dat Distress Signals . | . . . . . . . . . . . . . Communications Jammed . | . . . . . . . . . . . . . Distress Signals . | . . . . . . . . . . . . . Times Spotted 77 | . . 2 . 2 8 30 . 5 13 4 9 4 Peak Tracking Total 5 | . . 2 . . 4 5 . 3 4 3 5 4 Tactical Retreats 6 | . . 1 . . . 2 . . 2 . 1 . Traps | -11 -10 -10 -10 -9 -8 -7 -7 -7 -6 -6 -6 -6 ------- Run | Scr Mat Min Exi Min Mat Fac Was Fac Fac Low Low Dat Traps Triggered 6 | . . . . . . 2 . 2 2 . . . Indirectly . | . . . . . . . . . . . . . Trap Hack Attempts . | . . . . . . . . . . . . . Triggered . | . . . . . . . . . . . . . Disarmed . | . . . . . . . . . . . . . Reprogrammed . | . . . . . . . . . . . . . Reused . | . . . . . . . . . . . . . Traps Extracted . | . . . . . . . . . . . . . Installed . | . . . . . . . . . . . . . Triggered . | . . . . . . . . . . . . . Machines | -11 -10 -10 -10 -9 -8 -7 -7 -7 -6 -6 -6 -6 ---------- Run | Scr Mat Min Exi Min Mat Fac Was Fac Fac Low Low Dat Machines Disabled 7 | . . . . . 1 . . . 6 . . . Max in Single Turn 5 | . . . . . 1 . . . 5 . . . Machines Sabotaged . | . . . . . . . . . . . . . Garrisons Compromised . | . . . . . . . . . . . . . Overloaded Fab Kills . | . . . . . . . . . . . . . Fab Network Shutdowns 1 | . . . . . . 1 . . . . . . Hacking | -11 -10 -10 -10 -9 -8 -7 -7 -7 -6 -6 -6 -6 --------- Run | Scr Mat Min Exi Min Mat Fac Was Fac Fac Low Low Dat Machines Accessed 24 | . 2 . . . 4 5 . 1 8 . . 4 Terminals 16 | . 2 . . . 4 3 . 1 6 . . . Fabricators 1 | . . . . . . 1 . . . . . . Repair Stations 1 | . . . . . . . . . 1 . . . Recycling Units . | . . . . . . . . . . . . . Scanalyzers . | . . . . . . . . . . . . . Garrison Access 2 | . . . . . . 1 . . 1 . . . Total Hacks 81 | . 6 . . . 8 9 . 4 23 . . 31 Successful 50 | . 5 . . . 5 1 . 1 7 . . 31 Failed 30 | . 1 . . . 3 8 . 3 15 . . . Catastrophic 9 | . . . . . 1 5 . 1 2 . . . Database Lockouts 1 | . . . . . . . . . 1 . . . Manual 24 | . 5 . . . 7 1 . . 11 . . . Terminals 44 | . 6 . . . 8 7 . 4 19 . . . Fabricators 1 | . . . . . . 1 . . . . . . Repair Stations 2 | . . . . . . . . . 2 . . . Recycling Units . | . . . . . . . . . . . . . Scanalyzers . | . . . . . . . . . . . . . Garrison Access 3 | . . . . . . 1 . . 2 . . . Terminal Hacks 42 | . 3 . . . 2 . . 1 5 . . 31 Record 11 | . . . . . . . . . . . . 11 Part Schematic 12 | . . . . . . . . . 2 . . 10 Robot Schematic 7 | . . . . . . . . . . . . 7 Prototype ID Bank 3 | . . . . . . . . . . . . 3 Branch Access Points 3 | . 2 . . . . . . . 1 . . . Terminal Index 1 | . . . . . . . . . 1 . . . Unreport Threat 3 | . . . . . 1 . . 1 1 . . . Locate Traps 1 | . 1 . . . . . . . . . . . Registered Components 1 | . . . . . 1 . . . . . . . Fabricator Hacks 1 | . . . . . . 1 . . . . . . Build 1 | . . . . . . 1 . . . . . . Repair Station Hacks 1 | . . . . . . . . . 1 . . . Scan Component 1 | . . . . . . . . . 1 . . . Recycling Unit Hacks . | . . . . . . . . . . . . . Scanalyzer . | . . . . . . . . . . . . . Garrison Access Hacks . | . . . . . . . . . . . . . Unauthorized Hacks 16 | . 5 . . . 9 . . . 2 . . . Terminals 6 | . 2 . . . 3 . . . 1 . . . Track 1 | . . . . . 1 . . . . . . . Botnet 5 | . 2 . . . 2 . . . 1 . . . Fabricators . | . . . . . . . . . . . . . Repair Stations . | . . . . . . . . . . . . . Recycling Units . | . . . . . . . . . . . . . Scanalyzers . | . . . . . . . . . . . . . Garrison Access . | . . . . . . . . . . . . . Data Cores Recovered . | . . . . . . . . . . . . . Used . | . . . . . . . . . . . . . Hacking Detections 18 | . 2 . . . 3 4 . 1 8 . . . Full Trace Events 1 | . . . . . . . . . 1 . . . Feedback Events . | . . . . . . . . . . . . . Feedback Blocked . | . . . . . . . . . . . . . Robot Schematics Acquired 7 | . . . . . . . . . . . . 7 Robots Built . | . . . . . . . . . . . . . Matter . | . . . . . . . . . . . . . Time . | . . . . . . . . . . . . . Total Robot Build Rating . | . . . . . . . . . . . . . Part Schematics Acquired 12 | . . . . . . . . . 2 . . 10 Parts Built 2 | . . . . . . 2 . . . . . . Matter 234 | . . . . . . 234 . . . . . . Time 117 | . . . . . . 117 . . . . . . Total Part Build Rating 14 | . . . . . . 14 . . . . . . Parts Repaired . | . . . . . . . . . . . . . Time . | . . . . . . . . . . . . . Parts Recycled . | . . . . . . . . . . . . . Recycled Matter . | . . . . . . . . . . . . . Retrieved Matter . | . . . . . . . . . . . . . Retrieved Components . | . . . . . . . . . . . . . Parts Scanalyzed . | . . . . . . . . . . . . . Part Schematics Acquired . | . . . . . . . . . . . . . Parts Damaged . | . . . . . . . . . . . . . Bothacking | -11 -10 -10 -10 -9 -8 -7 -7 -7 -6 -6 -6 -6 ------------ Run | Scr Mat Min Exi Min Mat Fac Was Fac Fac Low Low Dat Used RIF Installer . | . . . . . . . . . . . . . Robots Hacked . | . . . . . . . . . . . . . Non-combat . | . . . . . . . . . . . . . Combat . | . . . . . . . . . . . . . Robot Hacks Applied . | . . . . . . . . . . . . . Relay Couplers Released . | . . . . . . . . . . . . . Robots Rewired . | . . . . . . . . . . . . . Allies Hacked . | . . . . . . . . . . . . . Hacks Repelled . | . . . . . . . . . . . . . Allies | -11 -10 -10 -10 -9 -8 -7 -7 -7 -6 -6 -6 -6 -------- Run | Scr Mat Min Exi Min Mat Fac Was Fac Fac Low Low Dat Total Allies 2 | . . . . 1 . . 1 . . . . . Largest Group 1 | . . . . 1 1 . 1 . . . . . Highest-Rated Group 31 | . . . . 31 31 . 31 . . . . . Highest-Rated Ally 31 | . . . . 31 31 . 31 . . . . . Total Orders . | . . . . . . . . . . . . . Ally Attacks 26 | . . . . 1 10 . 15 . . . . . Total Damage 313 | . . . . 21 84 . 208 . . . . . Kills 3 | . . . . 1 2 . . . . . . . Allies Corrupted . | . . . . . . . . . . . . . Allies Melted . | . . . . . . . . . . . . . Intel | -11 -10 -10 -10 -9 -8 -7 -7 -7 -6 -6 -6 -6 ------- Run | Scr Mat Min Exi Min Mat Fac Was Fac Fac Low Low Dat Robot Analysis Total 115 | . . . . . . . . . . . . 115 Derelict Logs Recovered 4 | . . 2 . 1 . . . . . 1 . . Drone Launches . | . . . . . . . . . . . . . Drone Recoveries . | . . . . . . . . . . . . . Exploration | -11 -10 -10 -10 -9 -8 -7 -7 -7 -6 -6 -6 -6 ------------- Run | Scr Mat Min Exi Min Mat Fac Was Fac Fac Low Low Dat Turns Passed 6811 | 55 255 165 33 216 430 2077 211 702 1462 493 533 179 Spaces Moved 4009 | 39 239 128 31 160 280 1039 96 375 842 325 341 114 Core 4 | 2 . . . . . . . . . . . 2 Treads 280 | . . . . . 1 64 96 119 . . . . Legs 1876 | . . . . . . . . 256 842 325 341 112 Wheels 1849 | 37 239 128 31 160 279 975 . . . . . . Hover . | . . . . . . . . . . . . . Flight . | . . . . . . . . . . . . . Fastest Speed 50 | 50 100 110 110 110 110 110 180 150 120 125 122 120 Average Speed 124 | 97 102 110 110 119 110 119 180 159 122 125 122 128 Slowest Speed 650 | 100 110 110 110 120 200 200 180 240 150 126 125 650 Overloaded Moves . | . . . . . . . . . . . . . Propulsion Burnouts . | . . . . . . . . . . . . . Robots Hopped . | . . . . . . . . . . . . . Cave-ins Triggered . | . . . . . . . . . . . . . Exploration Rate (%) 35 | 3 36 35 8 41 24 26 69 11 24 50 54 75 Regions Visited 12 Branch Regions 6 Pre-discovered Areas 33 | . . . . . . . . . . . . 33 Known Exits Taken 6 | . 1 . . . 1 . . 1 1 1 1 . Unknown Exits Taken 4 | 1 . 1 1 1 . . . . . . . . Scrap Searched 13 | . . 1 . 1 . . . . . 8 3 . Spaces Dug 99 | . . . . . 1 35 8 9 32 9 5 . Terrain Destroyed 219 | . . . . . 18 44 8 9 87 9 44 . Melee 98 | . . . . . . 35 8 9 32 9 5 . Projectile 3 | . . . . . 3 . . . . . . . AOE 118 | . . . . . 15 9 . . 55 . 39 . Actions | -11 -10 -10 -10 -9 -8 -7 -7 -7 -6 -6 -6 -6 --------- Run | Scr Mat Min Exi Min Mat Fac Was Fac Fac Low Low Dat Total 5417 | 53 249 144 30 188 384 1692 120 421 1186 380 430 140 Wait 926 | 4 . 13 . 12 51 491 17 10 240 28 49 11 Move 3998 | 38 238 127 30 159 279 1039 95 374 841 324 340 114 Hop . | . . . . . . . . . . . . . Pick Up 63 | 5 6 . . 10 12 11 . 2 11 . 3 3 Fast Attach 32 | 5 2 . . . 4 11 . 4 4 1 1 . Attach 18 | 1 . . . . 4 6 . . 2 . 1 4 Detach 2 | . . . . . 1 . . . . . 1 . Swap 42 | . 1 . . 2 4 18 . . 12 1 4 . Drop 67 | . 2 . . 5 15 19 . 4 13 1 5 3 Fire 66 | . . 4 . . 14 34 . . 10 . 4 . Melee 203 | . . . . . . 63 8 27 53 25 22 5 Ram . | . . . . . . . . . . . . . Kick . | . . . . . . . . . . . . . Crush . | . . . . . . . . . . . . . Escape Stasis . | . . . . . . . . . . . . . Rewire . | . . . . . . . . . . . . . Trap . | . . . . . . . . . . . . . Miscellaneous . | . . . . . . . . . . . . . Route ------- -11/Scrapyard -10/Materials (discovered 2 exits: *Min x2) -10/Mines (discovered 2 exits: [*Mat] / [*Exi]) -10/Exiles -9/Mines -8/Materials (discovered 2 exits: *Fac x2) -7/Factory -7/Waste -7/Factory -6/Factory (discovered 5 exits: [*Fac] / *Low x2 / *Ext x2) -6/Lower Caves -6/Lower Caves -6/Data Miner (discovered 1 exit: [*Pro]) History --------- Turn | Location | Event 17 | -11/Scrapyard | Discovered new exit (range 14) 56 | -11/Scrapyard | Entered Materials 156 | -10/Materials | Identified exit to Mines 305 | -10/Materials | Build established: Mutant 311 | -10/Materials | Entered Mines 318 | -10/Mines | Learned Materials terminal intel 321 | -10/Mines | Learned 2 Materials zone layouts 347 | -10/Mines | Met a Derelict bent on vengeance 427 | -10/Mines | Discovered new exit (range 6) 472 | -10/Mines | Deemed a non-threat by the Exiles lab entrance 472 | -10/Mines | Discovered new exit (range 5) 476 | -10/Mines | Entered Exiles 495 | -10/Exiles | Discovered new exit (range 14) 509 | -10/Exiles | Entered Mines 513 | -9/Mines | Joined a pair of Derelicts in attacking an 0b10 outpost 580 | -9/Mines | Learned Materials stockpile data 592 | -9/Mines | Assembled infested the area 596 | -9/Mines | Received a Rocket Launcher from a helpful Derelict 597 | -9/Mines | Assisted by a Guerilla fighting off Assembled 618 | -9/Mines | Met a Derelict testing a Signal Generator 714 | -9/Mines | Discovered new exit (range 7) 725 | -9/Mines | Entered Materials 725 | -8/Materials | Accompanied by 1 ally 725 | -8/Materials | Evolved 4 slots: Propulsion x1, Utility x3 726 | -8/Materials | Identified exit to Factory 728 | -8/Materials | Loaded intel: 12 terminal locations 1031 | -8/Materials | Discovered exit to Factory (range 9) 1155 | -8/Materials | Entered Factory 1155 | -7/Factory | Evolved 2 slots: Utility x1, Weapon x1 1447 | -7/Factory | Build established: Scavenger-Mutant 1771 | -7/Factory | Garrison activated, responded to threat 1848 | -7/Factory | Discovered new exit (range 16) 2227 | -7/Factory | Build established: Mutant 2367 | -7/Factory | Lost 3 parts (1p1u1w) 2639 | -7/Factory | Fabricated Imp. Force Booster (x2) 2640 | -7/Factory | Local fabrication network quarantined 3232 | -7/Factory | Sucked down chute 3232 | -7/Factory | Entered Waste 3233 | -7/Waste | Met a frightened Derelict 3247 | -7/Waste | EMP discharged 3247 | -7/Waste | System corruption reached 10% 3274 | -7/Waste | Spotted C-40 Crusher 3347 | -7/Waste | EMP discharged 3347 | -7/Waste | Spotted C-40 Crusher 3423 | -7/Waste | Discovered new exit (range 10) 3441 | -7/Waste | Identified exit to Factory 3443 | -7/Waste | Entered Factory 3501 | -7/Factory | Core integrity fell below 50% 3587 | -7/Factory | Garrison activated, responded to threat 4023 | -7/Factory | Discovered new exit (range 15) 4133 | -7/Factory | Identified exit to Factory 4145 | -7/Factory | Entered another Factory area 4145 | -6/Factory | Evolved 2 slots: Propulsion x1, Utility x1 4656 | -6/Factory | Identified exit to Lower Caves 4656 | -6/Factory | Identified exit to Extension 5063 | -6/Factory | Central database locked down 5456 | -6/Factory | Discovered new exit (range 7) 5607 | -6/Factory | Entered Lower Caves 6093 | -6/Lower Caves | Discovered new exit (range 7) 6099 | -6/Lower Caves | Identified exit to Lower Caves 6100 | -6/Lower Caves | Entered another Lower Caves area 6120 | -6/Lower Caves | Encountered a Warlord checkpoint 6264 | -6/Lower Caves | Attracted the attention of an 0b10 base 6620 | -6/Lower Caves | Discovered new exit (range 11) 6632 | -6/Lower Caves | Identified exit to Data Miner 6633 | -6/Lower Caves | Entered Data Miner 6633 | -6/Data Miner | Discovered new exit (range 6) 6657 | -6/Data Miner | Met Data Miner 6685 | -6/Data Miner | Learned location of Section 7 (-3) 6685 | -6/Data Miner | Acquired the access code to Warlord's prototype stash 6703 | -6/Data Miner | Received God Mode back door access code from Data Miner 6741 | -6/Data Miner | Destroyed Data Miner 6743 | -6/Data Miner | Interfaced with the Data Conduit 6749 | -6/Data Miner | Found Prototype Hackware 6752 | -6/Data Miner | Found Prototype Hackware 6801 | -6/Data Miner | Identified Ghost Barrier 6802 | -6/Data Miner | Core integrity fell below 50% 6802 | -6/Data Miner | Identified System Mapper 6810 | -6/Data Miner | Core integrity fell below 20% 6812 | -6/Data Miner | Destroyed by Enhanced Grunt with Neutron Cannon Last Messages --------------- 06760_ Imp. Titanium Leg destroyed. 06772_ Spear destroyed. 06775_ Mak. Sword destroyed. 06789_ Great Axe follow-up attack on Enhanced Grunt. 06792_ Flexi-carbon Leg destroyed. 06792_ Carbon-fiber Leg destroyed. 06792_ Microactuators destroyed. 06792_ Adv. Sensor Array destroyed. 06792_ Flexi-carbon Leg destroyed. 06794_ Great Axe follow-up attack on Enhanced Grunt. 06797_ Mic. Fission Core destroyed. 06797_ Power Maul follow-up attack on Enhanced Grunt. 06799_ Great Axe destroyed. 06799_ Adv. Signal Interpreter destroyed. 06801_ Identified Ghost Barrier. 06802_ Identified System Mapper. 06806_ Power Maul destroyed. 06806_ Ghost Barrier destroyed. 06806_ Lrg. Storage Unit destroyed. 06811_ Great Axe destroyed. Map ----- +----------------------------------------------------+ | ???????????????????????????????????????????? | | ?????????????????????????????????????####??? | | ??????###############??????????????### #??? | | ?????"""""""""""""""######?#??????## #??? | | ????""""""""" """"""""# # ###### < ##??? | | ????""""""""" #### | | ????""""""! | | ???""""""" | | ???"""""" !* | | ???""""""" | | ????"""""" """"""""""""""""#### | | ????""""""" """###############??? | | ????""""""" """""###????????????????? | | ?????"""""""" "#####??????????????????? | | ??????######"## "#??????????????????????? | | ???????????#"### "#??????????????????????? | | ???????????#"### "#??????????????????????? | | ???????????#"?# "#??????????????????????? | | ?????????????## "#??????????????????????? | | ?????????????# "#??????????????????????? | | ?????????????### "#??????????????????????? | | ???????????????# "##?????????????????????? | | ??????????????## "#?????????????????????? | | ???????????#?## g""#?????????????????????? | | ??????????##"#"X g!"#?????????????????????? | | ??????????""""" g@"####??????????????????? | | ??????????""""" gX"""""??????????????????? | | ??????????##"#"X "##"#??????????????????? | | ???????????#?## X""""#??????????????????? | | ??????????????## "##"#??????????????????? | | ???????????????#######?????????????????????? | | ???????????????????????????????????????????? | | ???????????????????????????????????????????? | | ???????????????????????????????????????????? | | ???????????????????????????????????????????? | | ???????????????????????????????????????????? | | ???????????????????????????????????????????? | | ???????????????????????????????????????????? | | ???????????????????????????????????????????? | | ???????????????????????????????????????????? | | ???????????????????????????????????????????? | | ???????????????????????????????????????????? | | ???????????????????????????????????????????? | | ???????????????????????????????????????????? | | ???????????????????????????????????????????? | | ???????????????????????????????????????????? | | ???????????????????????????????????????????? | | | | | | | +----------------------------------------------------+ Best States ------------- Heat Dissipation 64 Energy Generation 18 Energy Capacity 325 Matter Stores 300 Matter Capacity 300 Sight Range 16 Robot Scan Range 16 Terrain Scan Density 10 Armor Coverage 450 Resistance: TH 10 Melee Speed Boost 20 Evasion (%) 40 Melee Accuracy 6 Recoil Reduction 2 Force Boost 4 Offensive Hacking 20 Defensive Hacking 10 Item Schematics ----------------- Lrn. Sensor Array | -6/Factory | Hacked Imp. Gravmag System | -6/Factory | Hacked Combat Drone Bay | -6/Data Miner | Free Lgt. Regenerative Plating | -6/Data Miner | Free Exp. Flexi-carbon Leg | -6/Data Miner | Free Exp. Cesium-ion Thruster | -6/Data Miner | Free Exp. Sensor Array | -6/Data Miner | Free Exp. Terrain Scanner | -6/Data Miner | Free Exp. Terrain Scan Processor | -6/Data Miner | Free Exp. Transmission Jammer | -6/Data Miner | Free Cloaking Device | -6/Data Miner | Free Kinetic Spear | -6/Data Miner | Free Robot Schematics ------------------ S-27 Virus | -6/Data Miner | Free G-50 Soldier | -6/Data Miner | Free G-67 Veteran | -6/Data Miner | Free L-41 Fighter | -6/Data Miner | Free X-72 Disruptor | -6/Data Miner | Free I-36 Angel | -6/Data Miner | Free I-47 Archangel | -6/Data Miner | Free Fabricated ------------ Imp. Force Booster | x2 | -7/Factory | Preloaded Alien Tech Used ----------------- None Achievements -------------- Unlimited Data Challenges ------------ None Game ------ Seed LongswordHelicalBattery Manual? 0 Play Time 00:42:29 Cumulative 665.2 hours Start 2020.01.31 @ 10:21:11 End 2020.01.31 @ 11:03:51 Sessions 1 Manual Loads 0 Difficulty Rogue Special Mode None Game No. 615 Rogue 575 Adventurer 40 Explorer 0 Win Type - Total 56 Types 42/0/12/2/0/0/0 Lore% 88 Gallery% 90 Achievement% 70 Wizard Run 0 Options --------- ASCII 0 Keyboard 0 Movement Numpad Keybinds 0 Fullscreen 0 Font 16/Terminus Map View 76x50 Tactical HUD 1 Map Filters NONE Filters NONE Steam 1 RUN: b7d7c37d-b3ed-479f-8d94-13e22f25f2fa